 Dungeon Crawl Stone Soup version 0.30-a0-743-gbfdf073431 (webtiles) character file.

Game seed: 11303791102412002512

105 sircluck the Poker (level 4, -5/8 (38) HPs)
             Began as a Gnoll Reaver on Feb 6, 2023.
             Slain by an orc priest
             ... wielding a +0 spear
              (7 damage)
             ... on level 3 of the Dungeon.
             The game lasted 00:10:06 (3362 turns).

sircluck the Poker (Gnoll Reaver)                   Turns: 3362, Time: 00:10:07

HP:   -5/8 (38)     AC:  3    Str: 13    XL:     4   Next: 81%
MP:   7/11          EV: 13    Int: 13    God:
Gold: 197           SH:  0    Dex: 10    Spells: 12/13 levels left

rFire   + . .      SeeInvis .    a - +0 spear
rCold   . . .      Faith    .    (no shield)
rNeg    . . .      Spirit   .    d - +0 robe {Will+}
rPois   .          Reflect  .    u - +0 helmet
rElec   .          Harm     .    (no cloak)
rCorr   .          Rampage  .    (no gloves)
Will    +....                    (no boots)
Stlth   +                        (no amulet)
HPRegen 0.21/turn                i - ring of protection from fire
MPRegen 0.12/turn                (no ring)

@: lethally poisoned (-5 -> -11), extremely drained
A: fangs 1, strong nose, distributed training
a: no special abilities


You were on level 3 of the Dungeon.
You visited 1 branch of the dungeon, and saw 3 of its levels.

You collected 197 gold pieces.

Inventory:

Hand Weapons
 a - a +0 spear (weapon)
 p - a +0 mace
 q - a +0 whip
Missiles
 j - 12 stones
 k - 3 poisoned darts
Armour
 b - a +0 leather armour
 d - a +0 robe of willpower (worn)
 o - a +0 chain mail
 u - a +0 helmet (worn)
Jewellery
 i - a ring of protection from fire (left hand)
Scrolls
 e - a scroll of immolation {unknown}
 h - 4 scrolls of identify {unknown}
 m - a scroll of poison {unknown}
 r - a scroll of amnesia {unknown}
 s - a scroll of magic mapping {unknown}
 t - a scroll of blinking {unknown}
Potions
 c - 2 potions of curing {unknown}
 f - a potion of might {unknown}
 g - 2 potions of brilliance {unknown}
 l - a potion of lignification {unknown}
 n - a potion of degeneration {unknown}


   Skills:
 + Level 4.7 Fighting
 + Level 1.3 Short Blades
 + Level 1.3 Long Blades
 + Level 1.3 Axes
 + Level 1.3 Maces & Flails
 + Level 6.6 Polearms
 + Level 1.3 Staves
 + Level 1.3 Ranged Weapons
 + Level 1.3 Throwing
 + Level 1.3 Armour
 + Level 4.7 Dodging
 + Level 1.3 Stealth
 + Level 1.3 Shields
 + Level 1.3 Unarmed Combat
 + Level 5.1 Spellcasting
 + Level 5.5 Conjurations
 + Level 1.0 Hexes
 + Level 1.0 Summonings
 + Level 1.0 Necromancy
 + Level 1.0 Translocations
 + Level 1.0 Transmutations
 + Level 1.0 Fire Magic
 + Level 1.0 Ice Magic
 + Level 1.0 Air Magic
 + Level 1.0 Earth Magic
 + Level 1.0 Poison Magic
 + Level 1.4 Invocations
 + Level 1.3 Evocations


You had 12 spell levels left.
You knew the following spells:

 Your Spells              Type           Power      Damage    Failure   Level
a - Kiss of Death         Conj/Necr      44%        2d8       4%          1

Your spell library contained the following spells:

 Spells                   Type           Power      Damage    Failure   Level
 Momentum Strike          Conj/Tloc      22%        3d8       7%          2
 Hailstorm                Conj/Ice       11%        3d5       14%         3
 Stone Arrow              Conj/Erth      22%        3d8       14%         3
 Cigotuvi's Dreadful Rot  Necr/Pois/Air  12%        N/A       19%         2
 Ensorcelled Hibernation  Hex/Ice        12%        N/A       19%         2
 Passwall                 Tmut/Erth      5%         N/A       19%         2
 Swiftness                Air            6%         N/A       34%         3
 Animate Armour           Summ/Erth      12%        N/A       75%         4
 Dispel Undead            Necr           6%         3d8       75%         4
 Death Channel            Necr           3%         N/A       100%        6
 Lehudib's Crystal Spear  Conj/Erth      5%         10d3      100%        8


Dungeon Overview and Level Annotations

Branches:
Dungeon (3/15)

Altars:


Innate Abilities, Weirdness & Mutations

You have very sharp teeth.
Your uncanny sense of smell can sniff out nearby items.
Your experience applies equally to all skills.


Message History

You are too injured to fight recklessly!
You are too injured to fight recklessly!
You are too injured to fight recklessly!
You are too injured to fight recklessly!
Casting: Kiss of Death (safe; 4% risk of failure)
Confirm with . or Enter, or press ? or * to list all spells.
Aiming: Kiss of Death (safe; 4% risk of failure)
Press: ? - help, Shift-Dir - straight line, f/p - orc
Aim: an orc, wielding a +2 dagger of venom and wearing a +0 leather armour (moderately wounded, 100% to hit)
The negative energy hits the orc.
The orc is drained!
You kill the orc!
You feel drained.
You feel very sick. The ball python bites you.
The ball python barely misses you.
The orc priest hits you but does no damage.
Casting: Kiss of Death (safe; 4% risk of failure)
Confirm with . or Enter, or press ? or * to list all spells.
Aiming: Kiss of Death (safe; 4% risk of failure)
Press: ? - help, Shift-Dir - straight line, f - ball python
Aim: a ball python (100% to hit)
The negative energy hits the ball python!
The ball python is drained!
You kill the ball python!
You feel drained.
* * * LOW HITPOINT WARNING * * *
You feel very sick. The orc priest completely misses you.
Casting: Kiss of Death (safe; 4% risk of failure)
Confirm with . or Enter, or press ? or * to list all spells.
Aiming: Kiss of Death (safe; 4% risk of failure)
Press: ? - help, Shift-Dir - straight line, f - orc
Aim: an orc, wielding a +0 hand axe and wearing a +0 chain mail (100% to hit)
The negative energy hits the orc.
The orc is drained!
The orc is almost dead.
You feel drained.
* * * LOW HITPOINT WARNING * * *
You feel sick. The orc closely misses you.
The orc priest hits you from afar with a +0 spear!
Ouch! That really hurt!
You die...

######..#######.#.#
#.#
#..........#.###.#
#.########.#.....#
#.# #.....# #.#
#.....# #.# #.....#
#.# #...... #.#
#.....# #@# #.....#
#o# #.....# ..o
#.#.... .)w..
#.#.... #......
#.#.... #.......
#.#.... #.......#
#.#.#'# ......#..
#.#.#.# ..#.#..


You could see a worm, an orc priest and an orc (very drained).

Vanquished Creatures
  3 adders (D:2)
  2 worms (D:2)
  A dart slug (D:2)
  3 orcs (D:3)
  5 endoplasms
  4 giant cockroaches
  6 goblins
  3 hobgoblins
  4 kobolds
  4 quokkas
  12 ball pythons
  7 bats
  3 frilled lizards
  9 rats
  A bush (D:2)
67 creatures vanquished.

Vanquished Creatures (others)
  11 plants (D:2)
11 creatures vanquished.

Grand Total: 78 creatures vanquished

Notes
Turn   | Place    | Note
-------+----------+-------------------------------------------
     0 | D:1      | sircluck the Gnoll Reaver began the quest for the Orb.
     0 | D:1      | Reached XP level 1. HP: 20/20 MP: 6/6
   158 | D:1      | Reached XP level 2. HP: 26/26 MP: 7/7
   932 | D:1      | Reached skill level 5 in Spellcasting
   932 | D:1      | Reached XP level 3. HP: 30/31 MP: 7/9
  1219 | D:2      | Reached skill level 1 in Invocations
  1340 | D:2      | Reached skill level 1 in Short Blades
  1340 | D:2      | Reached skill level 1 in Long Blades
  1340 | D:2      | Reached skill level 1 in Axes
  1340 | D:2      | Reached skill level 1 in Maces & Flails
  1340 | D:2      | Reached skill level 1 in Staves
  1340 | D:2      | Reached skill level 1 in Ranged Weapons
  1340 | D:2      | Reached skill level 1 in Throwing
  1340 | D:2      | Reached skill level 1 in Armour
  1340 | D:2      | Reached skill level 1 in Stealth
  1340 | D:2      | Reached skill level 1 in Shields
  1340 | D:2      | Reached skill level 1 in Unarmed Combat
  1340 | D:2      | Reached skill level 1 in Evocations
  1925 | D:2      | Reached XP level 4. HP: 32/38 MP: 11/11
  2170 | D:2      | Reached skill level 1 in Hexes
  2170 | D:2      | Reached skill level 1 in Summonings
  2170 | D:2      | Reached skill level 1 in Necromancy
  2170 | D:2      | Reached skill level 1 in Translocations
  2170 | D:2      | Reached skill level 1 in Transmutations
  2170 | D:2      | Reached skill level 1 in Fire Magic
  2170 | D:2      | Reached skill level 1 in Ice Magic
  2170 | D:2      | Reached skill level 1 in Air Magic
  2170 | D:2      | Reached skill level 1 in Earth Magic
  2170 | D:2      | Reached skill level 1 in Poison Magic
  2534 | D:2      | Found a faded altar of an unknown god.
  3362 | D:3      | Slain by an orc priest

Illustrated notes

Levels and vault maps discovered:
D:1:      ncdulo_lavacross, layout_basic
D:2:      minmay_thinvault, layout_loops_corners, basic_ecumenical_altar,
          serial_forest, infiniplex_forest_clump_small,
          infiniplex_forest_lined_3_way, infiniplex_forest_end_2,
          infiniplex_forest_lined_room_, infiniplex_forest_clump_long,
          infiniplex_forest_clump_large, infiniplex_forest_end_2,
          infiniplex_forest_straight_1, infiniplex_forest_end_3
D:3:      layout_basic

Skill      XL: |  1  2  3  4 |
---------------+-------------+-----
Spellcasting   | 5 |  5.1
Invocations    | 1 |  1.4
Short Blades   | 1 |  1.3
Long Blades    | 1 |  1.3
Axes           | 1 |  1.3
Maces & Flails | 1 |  1.3
Staves         | 1 |  1.3
Ranged Weapons | 1 |  1.3
Throwing       | 1 |  1.3
Armour         | 1 |  1.3
Stealth        | 1 |  1.3
Shields        | 1 |  1.3
Unarmed Combat | 1 |  1.3
Evocations     | 1 |  1.3
Hexes          | 1 |  1.0
Summonings     | 1 |  1.0
Necromancy     | 1 |  1.0
Translocations | 1 |  1.0
Transmutations | 1 |  1.0
Fire Magic     | 1 |  1.0
Ice Magic      | 1 |  1.0
Air Magic      | 1 |  1.0
Earth Magic    | 1 |  1.0
Poison Magic   | 1 |  1.0
Fighting       | |  4.7
Polearms       | |  6.6
Dodging        | |  4.7
Conjurations   | |  5.5

Action                     |  1- 3 |  4- 6 || total
---------------------------+-------+-------++-------
  Melee: Spear             |   413 |   125 ||   538
         Bite              |    74 |    11 ||    85
         Punch             |    15 |     2 ||    17
   Cast: Kiss of Death     |       |     5 ||     5
   Stab: Distracted        |     1 |       ||     1
         Sleeping          |     1 |       ||     1
 Armour: Leather armour    |     9 |    26 ||    35
         Robe              |       |     1 ||     1
  Dodge: Dodged            |    40 |    73 ||   113

Table legend: (Time is in decaauts)
 A = Elapsed time spent in this place.
 B = Non-inter-level travel time spent in this place.
 C = Inter-level travel time spent in this place.
 D = Time resting spent in this place.
 E = Time spent auto-exploring this place.
 F = Levels seen in this place.
 G = Mean time per level.
                   A        B        C        D        E       F      G
               +--------+--------+--------+--------+--------+-----+--------+
         Total |   3238 |   3170 |     68 |    107 |   1437 |   3 | 1079.3 |
       Dungeon |   3238 |   3170 |     68 |    107 |   1437 |   3 | 1079.3 |
               +--------+--------+--------+--------+--------+-----+--------+

Top non-repeatable levels by time:
     D:2: 1645 daAuts
     D:1: 1016 daAuts
     D:3: 576 daAuts
